 Dungeon Crawl Stone Soup version 0.21.1-1-g345015f (webtiles) character file.

371 diana the Basher (level 6, 0/52 HPs)
             Began as a Minotaur Abyssal Knight on June 2, 2018.
             Was an Elder of Lugonu.
             Slain by a gnoll
             ... wielding a +0 spear
              (4 damage)
             ... on level 3 of the Dungeon.
             The game lasted 00:06:18 (2888 turns).

diana the Basher (Minotaur Abyssal Knight)          Turns: 2888, Time: 00:06:19

Health: 0/52       AC:  4    Str: 19    XL:     6   Next: 42%
Magic:  6/6        EV: 11    Int: 14    God:    Lugonu [****..]
Gold:   84         SH:  3    Dex:  9    Spells: 5/5 levels left

rFire    + . .     SeeInvis .   d - +0 morningstar (protect)
rCold    + . .     Gourm    .   (no shield)
rNeg     . . .     Faith    .   b - +0 leather armour
rPois    +         Spirit   .   (helmet restricted)
rElec    +         Reflect  +   (no cloak)
rCorr    +         Harm     .   (no gloves)
MR       .....                  s - +0 pair of boots
Stlth    ++........             i - +3 amulet of reflection
HPRegen  0.17/turn              o - ring of stealth
MPRegen  0.10/turn              (no ring)

@: brilliant, resistant
A: retaliatory headbutt, horns 2
a: Depart the Abyss, Bend Space, Banish, Corrupt, Renounce Religion


You were on level 3 of the Dungeon.
You worshipped Lugonu.
Lugonu was greatly pleased with you.
You were hungry.

You visited 1 branch of the dungeon, and saw 3 of its levels.
You visited the Abyss 1 time.

You collected 84 gold pieces.

Inventory:

Hand Weapons
 a - a +1 mace
 d - a +0 morningstar of protection (weapon)
Armour
 b - a +0 leather armour (worn)
 s - a +0 pair of boots (worn)
Jewellery
 i - a +3 amulet of reflection (around neck)
 o - a ring of stealth (left hand)
Wands
 r - a wand of disintegration (17)
Scrolls
 e - 2 scrolls of identify {unknown}
 f - a scroll of enchant armour {unknown}
 g - a scroll of magic mapping {unknown}
 h - 2 scrolls of remove curse {unknown}
 l - 3 scrolls of teleportation {unknown}
 n - a scroll of fog {unknown}
 t - a scroll of fear {unknown}
Potions
 m - a potion of mutation {unknown}
 p - a potion of resistance
 q - a potion of flight {unknown}
Comestibles
 c - 6 rations


   Skills:
 - Level 3.7 Fighting
 + Level 8.2 Maces & Flails
 - Level 2.5 Armour
 - Level 1.1 Dodging
 - Level 1.8 Invocations


You had 5 spell levels left.
You didn't know any spells.

Dungeon Overview and Level Annotations

Branches:
Dungeon (3/15)

Altars:

Annotations:
D:2 1 runed door


Innate Abilities, Weirdness & Mutations

You reflexively headbutt those who attack you in melee.
You have a pair of horns on your head.


Message History

* * * LOW HITPOINT WARNING * * *
You block the gnoll's attack. The gnoll barely misses you.
The gnoll closely misses you. You furiously retaliate!
You headbutt the gnoll, but do no damage.
The gnoll hits you with a spear!
* * * LOW HITPOINT WARNING * * *
There is an open door, spattered with blood here.
Items here: (( ))))))) [ ††† You feel better.
The gnoll barely misses you. The gnoll hits you but does no damage.
You barely miss the gnoll. Your headbutt misses the gnoll.
The gnoll barely misses you. The gnoll hits you with a spear.
* * * LOW HITPOINT WARNING * * *
You closely miss the gnoll. The gnoll misses you.
The gnoll hits you with a spear.
* * * LOW HITPOINT WARNING * * *
The gnoll hits you with a spear.
* * * LOW HITPOINT WARNING * * *
The gnoll hits you from afar with a spear.
You die...

.≈≈≈≈≈≈≈≈≈≈≈≈≈≈≈≈≈≈
.≈≈≈≈≈≈≈≈≈≈≈≈≈≈≈≈≈≈
.≈≈≈≈≈≈≈≈≈≈≈≈≈≈≈≈≈≈
################### #####
.# #.....## #..... .#
+......###......
.#########.......#.......
..#.............)#g......
..'......)).....@).....(.
..#.(....())....)#g......
.#########)......#.......
.#.......)).....###....(.
.#.......#.....## #.....
################ #####


You could see 2 gnolls.

Vanquished Creatures
  A howler monkey (D:2)
  3 orc priests (D:3)
  3 gnolls (D:3)
  6 adders
  An ufetubus (Abyss:1)
  An ooze (D:2)
  A worm (D:2)
  4 dart slugs
  3 leopard geckos
  12 orcs (D:3)
  3 ball pythons
  6 giant cockroaches
  21 goblins
  22 hobgoblins
  12 jackals
  3 kobolds
  2 quokkas (D:3)
  6 bats
  5 frilled lizards
  9 rats
124 creatures vanquished.

Vanquished Creatures (others)
  A goblin (D:3)
1 creature vanquished.

Grand Total: 125 creatures vanquished

Notes
Turn   | Place    | Note
-------+----------+-------------------------------------------
     0 | Abyss:1  | diana the Minotaur Abyssal Knight began the quest for the Orb.
     0 | Abyss:1  | Reached XP level 1. HP: 19/19 MP: 1/1
     1 | Abyss:1  | Found a corrupted altar of Lugonu.
    22 | Abyss:1  | Reached skill level 3 in Maces & Flails
    84 | Abyss:2  | Noticed a golden eye
    87 | D:1      | Escaped the Abyss
   266 | D:1      | Reached XP level 2. HP: 21/27 MP: 2/2
   333 | D:1      | Reached * piety under Lugonu
   397 | D:1      | Reached skill level 4 in Maces & Flails
   406 | D:1      | Reached XP level 3. HP: 21/33 MP: 3/3
  1262 | D:2      | Reached skill level 5 in Maces & Flails
  1264 | D:2      | Reached XP level 4. HP: 25/40 MP: 4/4
  1618 | D:2      | Reached skill level 6 in Maces & Flails
  1642 | D:2      | Reached ** piety under Lugonu
  1668 | D:2      | Reached XP level 5. HP: 32/46 MP: 5/5
  1744 | D:2      | Found a runed door.
  2343 | D:3      | Reached skill level 7 in Maces & Flails
  2567 | D:3      | Reached *** piety under Lugonu
  2785 | D:3      | Reached XP level 6. HP: 46/52 MP: 6/6
  2837 | D:3      | Reached skill level 8 in Maces & Flails
  2874 | D:3      | Reached **** piety under Lugonu
  2888 | D:3      | Slain by a gnoll

Skill      XL: |  1  2  3  4  5  6 |
---------------+-------------------+-----
Maces & Flails | 3 4 5 6 7 8 |  8.2
Fighting       | |  3.7
Armour         | |  2.5
Dodging        | |  1.1
Invocations    | |  1.8

Action                   |  1- 3 |  4- 6 || total
-------------------------+-------+-------++-------
Melee: Morningstar       |    70 |   193 ||   263
       Headbutt          |    12 |    15 ||    27
Invok: Depart the Abyss  |     1 |       ||     1
  Use: Potion            |       |     5 ||     5
 Stab: Sleeping          |       |     2 ||     2
  Eat: Chunk             |     1 |     5 ||     6
Armor: Leather armour    |    44 |    88 ||   132
       Skin              |       |    28 ||    28
Dodge: Dodged            |    68 |   125 ||   193
Block: Other             |       |    35 ||    35
       Reflection        |       |     3 ||     3
